[Event "Late-Titled-Tuesday-Blitz-September-19-2023"]
[Site "Chess.com"]
[Date "2023.09.19"]
[Round "8"]
[White "SantoBlue"]
[Black "VitaliyBernadskiy"]
[Result "0-1"]
[WhiteElo "2947"]
[BlackElo "2875"]
[TimeControl "180+1"]
[EndTime "15:27:24 PDT"]
[Termination "VitaliyBernadskiy won by checkmate"]

1. e4 c6 2. d4 d5 3. e5 Bf5 4. Nd2 e6 5. Nb3 Nd7 6. Nf3 h6 7.
Be3 Ne7 8. Be2 Nc8 9. O-O Be7 10. a4 Ncb6 11. a5 Nc4 12. Bxc4 dxc4 13. Nbd2 b5 14. axb6 Nxb6 15. c3 a5 16. Ne1 O-O 17. Qe2 Qd5 18. g4 Bh7 19. f4 c5 20. f5 cxd4 21. Bxd4 Bc5 22. Qe3 Bxd4 23. cxd4 Rfd8 24. Nc2 Qb7 25. Qg3 Nd5 26. Nxc4 Qc6 27. b3 a4 28. h3 Rdb8 29. N2e3 axb3 30. Rxa8 Rxa8 31. Nxd5 Qxd5 32. Qxb3 Rc8 33. Rc1 exf5 34. Kh2 Qxd4 35. Rd1 Qf4+ 36. Kh1 fxg4 37. Nd6 Be4+ 38. Kg1 Rc2 39. Nxe4 Qh2+ 40. Kf1 Qh1# 0-1

[Event "Late-Titled-Tuesday-Blitz-September-19-2023"]
[Site "Chess.com"]
[Date "2023.09.19"]
[Round "8"]
[White "angryspacevoid"]
[Black "Laico"]
[Result "0-1"]
[WhiteElo "2500"]
[BlackElo "2413"]
[TimeControl "180+1"]
[EndTime "15:27:25 PDT"]
[Termination "Laico won by resignation"]

1. e4 e6 2. d4 d5 3. Nc3 Nf6 4. e5 Nfd7 5. f4 c5 6. Nf3 Nc6 7. Be3 cxd4 8. Nxd4 Bc5 9. Qd2 O-O 10. Be2 a6 11. O-O Nxd4 12. Bxd4 Qb6 13. Bxc5 Nxc5 14.
Kh1 Qxb2 15. f5 exf5 16. Rab1 Qa3 17. Nxd5 Ne4 18. Qf4 Be6 19. Ne3 Nd2 20. Nxf5 Nxf1 21. Nxg7 Qe3 22. Qxf1 Kxg7 23. Qf6+ Kg8 24. Rf1 Rfd8 25.
Bd3 Rxd3 26. cxd3 Qxd3 27. Qg5+ Qg6 28. Qe3 Bd5 29. Rf2 Rc8 30. h3 Rc2 31. Rxc2 Qxc2 32. Qg5+ Kh8 33. Qf6+ Kg8 34. Qd8+ Kg7 35. Qxd5 Qc1+ 36. Kh2 Qf4+ 37. Kg1 Qe3+ 38. Kf1 b5 39. Qd6 Qc1+ 40. Kf2 Qc2+ 41. Kg3 Qxa2 42. Qf6+ Kg8 43. h4 Qe6 44. Qd8+ Kg7 45. Qd4 h5 46. Kh2 Qg4 47. Qf2 Qe6 48. Qf4 f6 49. exf6+ Qxf6 50.
Qg3+ Kf7 51. Qc7+ Kg6 52. Qg3+ Kf5 53. Qf3+ Ke6 54. Qxh5 Qe5+ 55. Qxe5+ Kxe5 56. Kg3 b4 0-1

[Event "Late-Titled-Tuesday-Blitz-September-19-2023"]
[Site "Chess.com"]
[Date "2023.09.19"]
[Round "8"]
[White "AlexandraBotez"]
[Black "maurovargas01"]
[Result "1-0"]
[WhiteElo "2301"]
[BlackElo "1881"]
[TimeControl "180+1"]
[EndTime "15:27:26 PDT"]
[Termination "AlexandraBotez won on time"]

1. d4 d5 2. c4 c6 3. cxd5 cxd5 4. Nc3 e6 5. Nf3 Bd6 6. Bg5 Nf6 7. e3 Nbd7 8. Bd3 O-O 9. O-O h6 10. Bh4 g5 11.
Bg3 Bxg3 12. hxg3 b6 13. Rc1 Bb7 14. Bb1 Rc8 15. Ne5 Ne4 16. Qh5 Kg7 17. Nxe4 dxe4 18. f4 exf3 19. Nxf3 Nf6 20. Ne5 Qd5 21. Qe2 Ne4 22.
Bxe4 Qxe4 23. Qf2 Rxc1 24. Rxc1 f6 25. Rc7+ Kg8 26. Nf3 Qb1+ 27. Kh2 Qe4 28. Qd2 g4 29. Ne1 Rf7 30. Rc3 Kg7 31. Qf2 f5 32. Qf4 Qd5 33.
Qf2 Re7 34. Nd3 Kg6 35. Nf4+ Kg7 36. Nxd5 exd5 37. Qf4 1-0

[Event "Late-Titled-Tuesday-Blitz-September-19-2023"]
[Site "Chess.com"]
[Date "2023.09.19"]
[Round "8"]
[White "WPWPWP-2015"]
[Black "oskariot"]
[Result "0-1"]
[WhiteElo "2546"]
[BlackElo "2736"]
[TimeControl "180+1"]
[EndTime "15:27:28 PDT"]
[Termination "oskariot won on time"]

1. d4 Nf6 2. c4 c5 3. d5 g6 4. Nc3 Bg7 5. g3 d6 6. Bg2 O-O 7. Nf3 e5 8. O-O Kh8 9. Ne1 Ng8 10. e4 f5 11. Nd3 Nf6 12. b4 cxb4 13. Nxb4 fxe4 14.
Nxe4 Nxe4 15. Bxe4 Bf5 16. Qe2 Nd7 17. Nd3 Rc8 18.
Rb1 b6 19. Nb4 Bxe4 20. Qxe4 Nc5 21. Qe2 e4 22. Nc6 Qd7 23. Bb2 Rce8 24. Nd4 Kg8 25. Ba1 Re5 26. Ne6 Nxe6 27. Bxe5 Ng5 28. Bxg7 Nf3+ 29.
Kg2 Qg4 30. Qe3 Rf5 31. h3 Rh5 32. Rh1 Nh4+ 33. Kf1 Qf3 34. Qxf3 Nxf3 35. Bc3 Rf5 36. g4 Rf4 37. Kg2 h5 0-1

[Event "Late-Titled-Tuesday-Blitz-September-19-2023"]
[Site "Chess.com"]
[Date "2023.09.19"]
[Round "8"]
[White "TC2304"]
[Black "laskakid"]
[Result "0-1"]
[WhiteElo "2366"]
[BlackElo "2307"]
[TimeControl "180+1"]
[EndTime "15:27:29 PDT"]
[Termination "laskakid won by resignation"]

1. d4 Nf6 2. Nf3 g6 3. Bg5 Bg7 4. Nbd2 O-O 5. e4 d6 6. Bc4 h6 7. Bh4 g5 8. Bg3 Nh5 9. Qe2 e6 10. c3 Nd7 11. Bd3 b6 12. e5 Nxg3 13. hxg3 Bb7 14. Ne4 dxe5 15. Nfxg5 Bxe4 16. Bxe4 Qxg5 17. Bxa8 Rxa8 18. Rh5 Qf6 19. dxe5 Nxe5 20. O-O-O Re8 21. Rh4 a5 22. Rf4 Qe7 23. Rfd4 c5 24. Rd6 c4 25.
Rxb6 Nd3+ 26. Kb1 Qc7 27. Rb5 Qc6 28. a4 Qxg2 29. Rxa5 Rb8 30. Rb5 Rxb5 31. axb5 Qb7 32. Qh5 e5 33. Qf5 Qxb5 34. Rd2 Qb7 35. Qg4 e4 36.
Qf5 Kh8 37. g4 Bxc3 38. Rc2 Bxb2 39. Qe5+ Bxe5+ 0-1

[Event "Late-Titled-Tuesday-Blitz-September-19-2023"]
[Site "Chess.com"]
[Date "2023.09.19"]
[Round "8"]
[White "TheMagician"]
[Black "RIPOL"]
[Result "0-1"]
[WhiteElo "2247"]
[BlackElo "2422"]
[TimeControl "180+1"]
[EndTime "15:27:30 PDT"]
[Termination "RIPOL won on time"]

1. e4 Nf6 2. e5 Nd5 3. d4 d6 4.
exd6 cxd6 5. Nf3 g6 6. g3 Bg7 7. Bg2 O-O 8. O-O Nf6 9. c4 Bg4 10. h3 Bxf3 11. Bxf3 Nc6 12. Nc3 Nd7 13. Be3 Rc8 14. Rc1 e5 15. dxe5 dxe5 16. Bxc6 bxc6 17. Qa4 Nb6 18. Qb4 Qc7 19. Bc5 Rfe8 20. b3 f5 21.
Rcd1 e4 22. Be3 Nd7 23. Qd6 Qxd6 24. Rxd6 Ne5 25. Ne2 a5 26. Rfd1 a4 27. Nf4 axb3 28.
axb3 Rb8 29. Ne6 Bh8 30. Nc5 Ra8 31. Kg2 Ra2 32. Re6 Rxe6 33. Nxe6 Kf7 34. Ng5+ Ke8 35. Bf4 Nd3 36. Ne6 Rxf2+ 37. Kg1 Rf3 0-1

[Event "Late-Titled-Tuesday-Blitz-September-19-2023"]
[Site "Chess.com"]
[Date "2023.09.19"]
[Round "8"]
[White "MajorCoast"]
[Black "elpatodice"]
[Result "1-0"]
[WhiteElo "2300"]
[BlackElo "2360"]
[TimeControl "180+1"]
[EndTime "15:27:30 PDT"]
[Termination "MajorCoast won by checkmate"]

1. a4 g6 2. d4 Bg7 3. c3 d6 4. Nf3 Nd7 5. Bg5 c6 6. Nbd2 Qc7 7. e4 h6 8. Bh4 e5 9. dxe5 dxe5 10. Nc4 Bf8 11.
Ncxe5 Nxe5 12. Nxe5 Be6 13. Bg3 Rd8 14. Qc2 Bd6 15.
Nf3 Bxg3 16. hxg3 Qb6 17. a5 Qc7 18. Nd4 Ne7 19. Nxe6 fxe6 20. Bc4 Qe5 21. f4 Qc5 22. Qe2 e5 23. b4 Qd6 24. O-O Rf8 25. Rad1 Qc7 26.
Rxd8+ Kxd8 27. Qg4 b6 28. Rd1+ Ke8 29. Be6 exf4 30.
Bd7+ Kf7 31. Qe6+ Kg7 32. Qxe7+ Rf7 33. Qe6 fxg3 34. Be8 Qf4 35. Qxf7+ Qxf7 36. Bxf7 Kxf7 37. Rd7+ Ke6 38. Rxa7 Ke5 39. axb6 Kxe4 40. b7 Kd3 41. b8=Q Ke4 42. Rc7 Kf5 43. Rxc6 Kg4 44. b5 Kh4 45. b6 h5 46. b7 g5 47. Rc4+ g4 48. Qd8# 1-0

[Event "Late-Titled-Tuesday-Blitz-September-19-2023"]
[Site "Chess.com"]
[Date "2023.09.19"]
[Round "8"]
[White "sergiochess83"]
[Black "HamedWafa4"]
[Result "1-0"]
[WhiteElo "2895"]
[BlackElo "2655"]
[TimeControl "180+1"]
[EndTime "15:27:33 PDT"]
[Termination "sergiochess83 won by resignation"]

1. d4 Nf6 2. c4 e6 3. g3 Bb4+ 4. Nd2 d5 5. Bg2 O-O 6. Nf3 dxc4 7. O-O b5 8. a4 c6 9. axb5 cxb5 10. Ng5 Nd5 11. e4 Qxg5 12. exd5 exd5 13. Nxc4 Qd8 14. Ne3 Be6 15. Qb3 Nc6 16. Nxd5 a5 17. Rd1 Rc8 18. Bf4 Re8 19. Qf3 Bxd5 20. Qxd5 Qxd5 21. Bxd5 Red8 22. Bg2 Nxd4 23. Bf1 Ne6 24. Be3 Bc5 25. Rxd8+ Rxd8 26. Bxc5 Nxc5 27. Rxa5 Ne4 28. Rxb5 h6 29. Rb4 f5 30.
f3 Nd2 31. Be2 Rc8 32. Kf2 Kf8 33. Ke3 Nb1 34. Bd3 Re8+ 35. Kf2 Nd2 36. Bxf5 Re5 37. Bd3 Rd5 38. Ke3 1-0

[Event "Late-Titled-Tuesday-Blitz-September-19-2023"]
[Site "Chess.com"]
[Date "2023.09.19"]
[Round "8"]
[White "nitpicker"]
[Black "FrancescoSorcinelli"]
[Result "0-1"]
[WhiteElo "2208"]
[BlackElo "2121"]
[TimeControl "180+1"]
[EndTime "15:27:33 PDT"]
[Termination "FrancescoSorcinelli won on time"]

1. d4 g6 2. e4 Bg7 3. Nc3 d6 4. h3 a6 5. a4 Nf6 6. Nge2 O-O 7. g4 c5 8. Be3 cxd4 9. Bxd4 Nc6 10. Be3 Be6 11.
Bg2 Rc8 12. O-O Qa5 13. Nf4 Ne5 14. g5 Nh5 15. Nxh5 gxh5 16. Rb1 Nc4 17. Bd4 Qxg5 18.
f4 Qg3 19. Rf3 Qh4 20. f5 Ne5 21. fxe6 fxe6 22. Rxf8+ Rxf8 23. Qe2 Qg3 24. Bf2 Qg6 25. Kh1 Kh8 26. Rg1 Qf6 27. Be3 Qh4 28. Rf1 Rg8 29.
Bf2 Qg5 30. Be3 Qh4 31. Rf4 Qg3 32. Qf2 Qg6 33. Bd4 b5 34. Bxe5 Bxe5 35. Rf3 b4 36.
Nd1 Qg5 37. c3 Qc1 38. Rd3 bxc3 39. bxc3 Qb1 0-1

[Event "Late-Titled-Tuesday-Blitz-September-19-2023"]
[Site "Chess.com"]
[Date "2023.09.19"]
[Round "8"]
[White "Alexei_Gubajdullin"]
[Black "MikaelyanArman"]
[Result "0-1"]
[WhiteElo "2648"]
[BlackElo "2876"]
[TimeControl "180+1"]
[EndTime "15:27:37 PDT"]
[Termination "MikaelyanArman won on time"]

1. d4 Nf6 2. Nf3 b6 3. Bf4 Bb7 4. e3 g6 5. Be2 Bg7 6. O-O O-O 7.
h3 d6 8. a4 a6 9. a5 b5 10. c4 bxc4 11. Bxc4 Nbd7 12. Nc3 Ne4 13. Nxe4 Bxe4 14. Qe2 Qb8 15. Bxa6 e5 16. dxe5 Bxf3 17. gxf3 Nxe5 18. Bb5 Nxf3+ 19. Kg2 Qb7 20. Qxf3 Qxb5 21. Rac1 Qxa5 22. Rc2 Rae8 23. Rfc1 Re7 24. b4 Qa7 25. Rc6 Be5 26. Bg5 f6 27. Bh6 Rfe8 28. Qd5+ Kh8 29. R1c2 Qb8 30. b5 f5 31. Bg5 Rg7 32. Ra6 h6 33. Bh4 g5 34. Bg3 f4 35.
Bh2 Qc8 36. e4 f3+ 37. Kf1 Qxh3+ 38. Ke1 Qxh2 39. Ra8 Qg1+ 40. Kd2 Qxf2+ 41. Kd3 Qf1+ 0-1

[Event "Late-Titled-Tuesday-Blitz-September-19-2023"]
[Site "Chess.com"]
[Date "2023.09.19"]
[Round "8"]
[White "slorovel"]
[Black "GoltsevDmitry2000"]
[Result "1-0"]
[WhiteElo "2516"]
[BlackElo "2632"]
[TimeControl "180+1"]
[EndTime "15:27:37 PDT"]
[Termination "slorovel won by checkmate"]

1. e4 e6 2. d4 d5 3. Nd2 c5 4. Ngf3 Nf6 5. exd5 exd5 6. Bb5+ Nc6 7. O-O Be7 8. dxc5 Bxc5 9. Re1+ Be6 10. Nb3 Bb6 11.
Nbd4 O-O 12. Bxc6 bxc6 13. Nxe6 fxe6 14. Rxe6 Ne4 15. Be3 Bxe3 16. fxe3 Qb6 17. Qd4 Qb7 18. Rd1 Rad8 19. h4 Qc7 20. h5 Qg3 21. Rf1 Rd7 22. Rxc6 Re8 23. c4 Nf6 24. Rxf6 gxf6 25. cxd5 Rd6 26.
Nh4 Qg5 27. Nf5 Rd7 28. Rf3 Kh8 29. h6 Re5 30. e4 Re8 31. Ng7 Qe5 32. Qxe5 Rxe5 33.
Rxf6 Rd8 34. Re6 Rg5 35. d6 Rb5 36. d7 Rg8 37. Re8 Rb8 38. e5 a5 39. e6 a4 40. e7 a3 41. d8=Q Rxd8 42. exd8=Q axb2 43. Rxg8# 1-0

[Event "Late-Titled-Tuesday-Blitz-September-19-2023"]
[Site "Chess.com"]
[Date "2023.09.19"]
[Round "8"]
[White "Mops_2004"]
[Black "BillieKimbah"]
[Result "0-1"]
[WhiteElo "2804"]
[BlackElo "2974"]
[TimeControl "180+1"]
[EndTime "15:27:38 PDT"]
[Termination "BillieKimbah won by resignation"]

1. g3 d5 2. Nf3 Bg4 3. Bg2 c6 4. h3 Bh5 5. O-O Nd7 6. d4 e6 7. c4 Be7 8. Nc3 dxc4 9. e4 Ngf6 10. d5 Nc5 11. dxc6 bxc6 12. Qxd8+ Rxd8 13. Ne5 Rc8 14. Nxc4 Nd3 15. Be3 c5 16. f4 O-O 17. g4 Bxg4 18. hxg4 Nxg4 19. Rfd1 Nxb2 20. Nxb2 Nxe3 21. Rd7 Bh4 22. Rd3 Nc2 23. Rc1 Nd4 24. Kf1 h6 25.
Nca4 Be7 26. Rdc3 Rb8 27. Nd3 Nb5 28. Rb3 Nd4 29. Rxb8 Rxb8 30. Naxc5 g5 31. fxg5 Bxg5 32. Rd1 Be3 33. Nb3 Nxb3 34. axb3 Rxb3 35. Ke2 Bd4 36. Bf1 a5 37. Nc1 Rb4 38. Kd3 Be5 39. Ne2 a4 40. Rc1 Rb3+ 41. Kd2 Rb2+ 42. Kd3 a3 43.
Rc8+ Kg7 44. Ra8 a2 45. Nc1 Rf2 46. Be2 a1=Q 0-1

[Event "Late-Titled-Tuesday-Blitz-September-19-2023"]
[Site "Chess.com"]
[Date "2023.09.19"]
[Round "8"]
[White "ozates"]
[Black "Byniolus"]
[Result "0-1"]
[WhiteElo "2600"]
[BlackElo "2789"]
[TimeControl "180+1"]
[EndTime "15:27:39 PDT"]
[Termination "Byniolus won on time"]

1. c4 d6 2. Nc3 e5 3. g3 g6 4.
Bg2 Bg7 5. d3 f5 6. e3 Nf6 7. Nge2 O-O 8. O-O a5 9. b3 c6 10. d4 e4 11. d5 c5 12. Bb2 Ng4 13.
Nf4 Ne5 14. Kh1 g5 15. Ne6 Bxe6 16. dxe6 Nd3 17. Qd2 Nc6 18. Rad1 Nxb2 19. Qxb2 Qf6 20. Rc1 Nb4 21. Qd2 Qxe6 22. Nb5 Rad8 23. Rcd1 b6 24. f3 exf3 25. Bxf3 Kh8 26. a3 Na6 27. Bb7 Nc7 28. Nxc7 Qe7 29. Nd5 Qxb7 30. e4 fxe4 31. Qxg5 b5 32. Qe3 a4 33. Rxf8+ Rxf8 34. bxa4 bxc4 35. Qxe4 Qb3 36. Ne3 c3 37. Qc2 Qxa3 38.
Rxd6 Bd4 39. Rd7 Bg7 0-1

[Event "Late-Titled-Tuesday-Blitz-September-19-2023"]
[Site "Chess.com"]
[Date "2023.09.19"]
[Round "8"]
[White "Mariia89"]
[Black "IngOscarArdila"]
[Result "1-0"]
[WhiteElo "2059"]
[BlackElo "2277"]
[TimeControl "180+1"]
[EndTime "15:27:39 PDT"]
[Termination "Mariia89 won on time"]

1. d4 Nf6 2. Nf3 e6 3. Bg5 Be7 4. e3 Nd5 5. Bxe7 Qxe7 6. c3 O-O 7. Bd3 f5 8. Nbd2 d6 9. a3 Nd7 10. c4 N5f6 11. e4 fxe4 12. Nxe4 Nxe4 13. Bxe4 Nf6 14. Bc2 Bd7 15. O-O Rae8 16. Re1 Qf7 17. Ng5 Qe7 18.
Qd3 g6 19. h4 Qg7 20. Ne4 Nh5 21. g3 e5 22. d5 Bf5 23. Bd1 Nf6 24. Nxf6+ Qxf6 25. Qe3 Kg7 26. b4 b6 27. Ba4 Re7 28. Rac1 Ref7 29.
c5 Bg4 30. cxd6 cxd6 31. Bd1 Bxd1 32. Rexd1 Qxf2+ 33. Qxf2 Rxf2 34. Rc7+ R2f7 35. Rdc1 Kh6 36. R1c6 Rf1+ 37. Kg2 R8f2+ 38. Kh3 Rh1+ 39. Kg4 Rhf1 40.
Rxa7 e4 41. Rcc7 1-0

[Event "Late-Titled-Tuesday-Blitz-September-19-2023"]
[Site "Chess.com"]
[Date "2023.09.19"]
[Round "8"]
[White "Nathan_Filgueiras"]
[Black "queen_iryna"]
[Result "1-0"]
[WhiteElo "2512"]
[BlackElo "2383"]
[TimeControl "180+1"]
[EndTime "15:27:42 PDT"]
[Termination "Nathan_Filgueiras won on time"]

1. e4 d6 2. d4 Nf6 3. Nc3 e5 4. Nf3 Nc6 5. Bb5 exd4 6. Nxd4 Bd7 7. O-O Be7 8. Bf4 O-O 9. Re1 Nxd4 10. Qxd4 Bc6 11.
Bxc6 bxc6 12. e5 dxe5 13. Qxd8 Raxd8 14. Bxe5 Rd7 15. Rad1 Rxd1 16. Rxd1 Rd8 17. Bxc7 Rxd1+ 18. Nxd1 Nd5 19. Be5 f6 20. Bd4 a6 21. Kf1 Kf7 22. g3 Ke6 23. Ke2 Nb4 24. c3 Nd5 25. Kd3 Nc7 26.
Be3 Kd5 27. c4+ Ke6 28. f4 Kd7 29. Nf2 Ne6 30. Ne4 f5 31. Nd2 c5 32. Nf3 Bd6 33. Bd2 Kc6 34. Bc3 g6 35. Be5 Be7 36. a3 Nf8 37.
Bc3 Bd6 38. b4 Nd7 39. Ne5+ Bxe5 40. fxe5 cxb4 41. axb4 Nf8 42. Bd2 Ne6 43. Be3 Nc7 44. Kc3 Ne6 45. Kb3 g5 46. Ka4 f4 47. Bf2 fxg3 48. hxg3 h5 49. Ka5 Kb7 50. b5 axb5 51. Kxb5 Ng7 52. c5 Kc7 53. c6 Ne6 54. Bb6+ Kc8 55. Kc4 h4 56. Kd5 h3 57. Bg1 Ng7 58. g4 Kc7 59. e6 Ne8 60. Bh2+ Kc8 61. Ke5 Nc7 62. Kf6 Kd8 63. e7+ 1-0

[Event "Late-Titled-Tuesday-Blitz-September-19-2023"]
[Site "Chess.com"]
[Date "2023.09.19"]
[Round "8"]
[White "SaqoChess_Twitch"]
[Black "hansen"]
[Result "0-1"]
[WhiteElo "2673"]
[BlackElo "2927"]
[TimeControl "180+1"]
[EndTime "15:27:43 PDT"]
[Termination "hansen won by resignation"]

1. d4 Nf6 2. c4 g6 3. Nc3 d5 4. Bf4 Bg7 5. e3 O-O 6. Rc1 c5 7. dxc5 Qa5 8. cxd5 Ne4 9. Ne2 Nxc3 10. Nxc3 Nd7 11.
c6 Nb6 12. Bc7 bxc6 13. dxc6 Be6 14. Be2 Rac8 15. Bxb6 axb6 16. Bf3 Bc4 17. a3 Rfd8 18.
Qc2 b5 19. Be2 Rxc6 20. Bxc4 Rxc4 21. O-O Bxc3 22. bxc3 Qxa3 23. Qb1 Qc5 24. Rc2 Rd5 25. g3 h5 26. Rfc1 h4 27. Qa1 h3 28. Qa8+ Kg7 29.
Qb7 Rxc3 30. Rxc3 Qxc3 31. Rf1 Qe5 32. Qc8 e6 33. Qc2 Rc5 34. Qd3 Rc3 35. Qe2 Qe4 36. f3 Qxe3+ 37. Qxe3 Rxe3 38. Kf2 Rc3 39. g4 b4 40. Kg3 b3 41. Rf2 Rc2 42. Rf1 b2 43. Rb1 Kf6 44. Kxh3 Ke5 45. Kg3 g5 46. h3 f6 47. Re1+ Kd5 48. Rb1 Kc4 49. f4 Kb3 50.
fxg5 fxg5 51. Kf3 Rc1 52. Rxb2+ Kxb2 53. Ke4 Re1+ 54. Kf3 e5 55. h4 gxh4 56. g5 Rg1 57. g6 Rxg6 58. Ke4 Rg5 59. Kf3 h3 60. Kf2 Kc3 61.
Ke2 Kd4 62. Kf2 Ke4 63. Kf1 Ke3 64. Ke1 0-1

[Event "Late-Titled-Tuesday-Blitz-September-19-2023"]
[Site "Chess.com"]
[Date "2023.09.19"]
[Round "8"]
[White "GMJustin"]
[Black "dorpato"]
[Result "1-0"]
[WhiteElo "2242"]
[BlackElo "2010"]
[TimeControl "180+1"]
[EndTime "15:27:44 PDT"]
[Termination "GMJustin won on time"]

1. e4 c5 2. Nf3 d6 3. d4 cxd4 4. Nxd4 Nf6 5. Nc3 a6 6. Bg5 e6 7. f4 Be7 8. Qf3 Qc7 9. O-O-O Nbd7 10. g4 h6 11. Bxf6 Bxf6 12. h4 b6 13. g5 Bxd4 14.
Rxd4 Bb7 15. Rg1 O-O-O 16. Rc4 Bc6 17. Nd5 exd5 18. exd5 Kb8 19. Rxc6 Qb7 20. Rxd6 Nc5 21. Rxd8+ Rxd8 22. Bg2 Rd6 23. Qc3 hxg5 24. hxg5 g6 25. b4 Na4 26. Qe5 Qc7 27. Qe8+ Ka7 28. Qxa4 Qc3 29.
Qb3 Qa1+ 30. Qb1 Qc3 31. Rd1 Qe3+ 32. Kb2 Qxf4 33. Ka1 Qf2 34. Be4 Qf4 35. c3 Qxg5 36.
Qd3 f5 37. Bf3 Qf6 38. Qd4 Qf7 39. c4 g5 40. c5 Rd7 41. d6 g4 42. cxb6+ Kb8 43.
Bd5 1-0

[Event "Late-Titled-Tuesday-Blitz-September-19-2023"]
[Site "Chess.com"]
[Date "2023.09.19"]
[Round "8"]
[White "ValeriyGrinev"]
[Black "KamlaPasand"]
[Result "0-1"]
[WhiteElo "2547"]
[BlackElo "2462"]
[TimeControl "180+1"]
[EndTime "15:27:45 PDT"]
[Termination "KamlaPasand won on time"]

1. e4 e5 2. Nf3 Nc6 3. Bb5 a6 4. Bxc6 dxc6 5. Nc3 Bd6 6. d3 Nf6 7. h3 h6 8. Be3 O-O 9. a3 c5 10. Qd2 Nh5 11. g4 Nf4 12. O-O-O Ne6 13. Kb1 b5 14. g5 h5 15. g6 f6 16. Rdg1 b4 17.
axb4 cxb4 18. Na4 Bd7 19. b3 Rb8 20. Nb2 a5 21. Nh4 Nf4 22. Bxf4 exf4 23. Nf5 Bxf5 24. exf5 Be5 25. Na4 Qd4 26. Ka2 f3 27. Re1 Rfd8 28. Rhf1 c5 29. Qd1 Qf4 30. Re4 Qxf5 31. Re3 Qxg6 32.
Qxf3 c4 33. Rd1 cxb3+ 34. cxb3 Rbc8 35. Re2 Qf7 36. Rg1 Rd6 37. Qf5 Rcd8 38. f4 Bd4 39.
Rge1 Bc3 40. Nxc3 bxc3 41. Re7 Qf8 42. Qg6 f5 43. Qxh5 Rh6 44. Qg5 Rb8 45. Rg1 g6 46. Qg2 Qxe7 47. Qd5+ Qf7 48. Rg2 Qxd5 0-1

[Event "Late-Titled-Tuesday-Blitz-September-19-2023"]
[Site "Chess.com"]
[Date "2023.09.19"]
[Round "8"]
[White "martinez_95"]
[Black "Schwindle"]
[Result "0-1"]
[WhiteElo "2208"]
[BlackElo "2421"]
[TimeControl "180+1"]
[EndTime "15:27:48 PDT"]
[Termination "Schwindle won by resignation"]

1. d4 Nf6 2. c4 e6 3. Nf3 Bb4+ 4. Bd2 Qe7 5. g3 Nc6 6. Bg2 Bxd2+ 7. Nbxd2 O-O 8. e4 d6 9. O-O e5 10. d5 Nb8 11. c5 Na6 12. cxd6 cxd6 13. Qe2 Bd7 14.
Rfc1 Rac8 15. a3 Qd8 16. b4 Nc7 17. Nc4 Bb5 18. a4 Bxc4 19. Rxc4 Na6 20. Rac1 Rxc4 21. Qxc4 Qb6 22. b5 Nc5 23. Nxe5 Ncxe4 24. Bxe4 dxe5 25. Bf3 h5 26. Qc5 Qa5 27. Qe7 e4 28. Bg2 Qd2 29. Rc7 Qd1+ 30. Bf1 Nxd5 31. Qd7 e3 32. fxe3 Qf3 33.
Rxb7 Nxe3 34. Qd3 Qxb7 35. Qxe3 Qb6 36. Kf2 Re8 37. Qxb6 axb6 38. Bg2 Rd8 39. Bc6 Rd4 40. a5 bxa5 41. b6 Rb4 42. b7 a4 43. Ke3 a3 44. Bd5 Rxb7 45. Ba2 Rb2 46. Bc4 a2 0-1

[Event "Late-Titled-Tuesday-Blitz-September-19-2023"]
[Site "Chess.com"]
[Date "2023.09.19"]
[Round "8"]
[White "Rital44"]
[Black "ameetghasi100"]
[Result "0-1"]
[WhiteElo "2565"]
[BlackElo "2701"]
[TimeControl "180+1"]
[EndTime "15:27:49 PDT"]
[Termination "ameetghasi100 won by resignation"]

1. d4 Nf6 2. Bg5 Ne4 3. Bf4 d6 4. Nd2 Bf5 5. f3 Nxd2 6. Qxd2 e6 7. e4 Bg6 8. Bb5+ c6 9. Ba4 d5 10. Ne2 Nd7 11. O-O Be7 12. c4 O-O 13. cxd5 cxd5 14. exd5 Nb6 15. Bb3 Nxd5 16. Be5 Rc8 17. Kh1 Bb4 18. Nc3 Nxc3 19. bxc3 Bxc3 20. Qf4 Bxa1 21. Rxa1 Re8 22. h4 Bc2 23. Qg3 f6 24. Bd6 Bxb3 25. axb3 Rc6 26. Bf4 Qxd4 27. Ra4 Qd1+ 28.
Kh2 a6 29. Bh6 Qd6 30. Rf4 Re7 31. Kh3 Rc1 32. Kh2 Rf7 33. h5 Kh8 34. Rd4 Qxg3+ 35. Kxg3 gxh6 36. Rd8+ Kg7 37. Kf4 Rc5 38. g4 Re5 39. Kg3 Rd5 40. Rc8 Rd3 41. b4 Rb3 42.
Rc4 Rd7 43. Kf4 Kf7 44. b5 axb5 45. Rc5 b4 46. Rb5 Rb1 47. Kg3 b3 48. f4 b2 49.
Kg2 Rbd1 50. Rxb2 R7d2+ 51. Rxd2 Rxd2+ 52. Kg3 Rd4 53. Kh4 Rxf4 54. Kh3 e5 55. Kh4 f5 56.
Kg3 Rxg4+ 57. Kh3 Kf6 0-1

[Event "Late-Titled-Tuesday-Blitz-September-19-2023"]
[Site "Chess.com"]
[Date "2023.09.19"]
[Round "8"]
[White "Taran2004"]
[Black "ilya2700"]
[Result "1-0"]
[WhiteElo "2436"]
[BlackElo "2297"]
[TimeControl "180+1"]
[EndTime "15:27:49 PDT"]
[Termination "Taran2004 won by checkmate"]

1. e4 c5 2. Nf3 e6 3. g3 d5 4. exd5 exd5 5. Bg2 d4 6. O-O Nc6 7. c4 Be7 8. d3 Nf6 9. a3 O-O 10. b4 cxb4 11. axb4 Bxb4 12. Bb2 Bf5 13. Qb3 a5 14. Na3 Bxa3 15. Bxa3 Nb4 16. Bxb4 axb4 17.
Rxa8 Qxa8 18. Nxd4 Bg6 19. Qxb4 Bxd3 20. Rd1 Rd8 21. Bxb7 Qa2 22. Rxd3 Rxd4 23. Rxd4 Qa1+ 24. Kg2 Qxd4 25. Bd5 h5 26. Qb8+ Kh7 27. Qf4 Qc5 28. Bxf7 Ng4 29. Bd5 Nf6 30. Qe3 Qd6 31. Be4+ Kh8 32. c5 Qe5 33. Bf3 Qc7 34. c6 h4 35. Qb3 Qc8 36. gxh4 Qc7 37. Qb7 Ne8 38. Qxc7 Nxc7 39. Kg3 Kh7 40. Kf4 Kg6 41. Ke5 Kh6 42. Kd6 Nb5+ 43. Kd7 g5 44. hxg5+ Kxg5 45. c7 Nxc7 46.
Kxc7 Kf4 47. Bc6 Kg5 48. f3 Kh4 49. Kd6 Kg5 50. Ke5 Kh4 51. f4 Kh5 52. f5 Kh4 53. f6 Kh5 54. Ke6 Kh6 55. f7 Kh7 56. Ke7 Kg6 57.
f8=Q Kh7 58. Qf6 Kg8 59. Kd6 Kh7 60. Qg5 Kh8 61. Ke7 Kh7 62. Kf7 Kh8 63. Qh6# 1-0

[Event "Late-Titled-Tuesday-Blitz-September-19-2023"]
[Site "Chess.com"]
[Date "2023.09.19"]
[Round "8"]
[White "Chessdreamer2020"]
[Black "AlexOstrovskiy"]
[Result "1-0"]
[WhiteElo "2544"]
[BlackElo "2635"]
[TimeControl "180+1"]
[EndTime "15:27:50 PDT"]
[Termination "Chessdreamer2020 won on time"]

1. e4 d5 2. exd5 Nf6 3. Bb5+ Nbd7 4. Nf3 a6 5. Be2 Nxd5 6. d4 b5 7. O-O e6 8. a4 Rb8 9. axb5 axb5 10. Na3 c6 11. c3 Be7 12. Nc2 O-O 13. Ne3 Nf4 14. Re1 Nxe2+ 15. Qxe2 Bb7 16. b4 Bd6 17. Ng4 Qc7 18.
Bg5 Rbe8 19. Bh4 f6 20. Bg3 Nb6 21. Ra7 Bxg3 22. hxg3 Qb8 23. Rea1 Na4 24. R7xa4 bxa4 25. Rxa4 Qd6 26. Ra5 Bc8 27. Ne3 Qc7 28. Nc4 Bd7 29. Qa2 Rb8 30. Nfd2 Rb5 31. Ra7 Rb7 32. Ra5 Rb5 33.
Ra7 Rb7 34. Ra6 c5 35. dxc5 Bc6 36. Nd6 Bd5 37. c4 Rxb4 38. cxd5 e5 39. Rc6 Qe7 40. Nf5 Qf7 41. Re6 Rfb8 42. Re7 Qh5 43. d6+ Kh8 44.
Nxg7 Qd1+ 45. Kh2 Rb2 46. Qf7 Qxd2 47. Nf5 1-0

[Event "Late-Titled-Tuesday-Blitz-September-19-2023"]
[Site "Chess.com"]
[Date "2023.09.19"]
[Round "8"]
[White "ChessWarrior7197"]
[Black "ArtemDyachuk"]
[Result "1-0"]
[WhiteElo "3054"]
[BlackElo "2714"]
[TimeControl "180+1"]
[EndTime "15:27:53 PDT"]
[Termination "ChessWarrior7197 won on time"]

1. d4 Nf6 2. Nc3 d5 3. Bf4 a6 4.
e3 e6 5. g4 c5 6. g5 Nfd7 7. h4 Nc6 8. Nf3 b5 9. h5 Bb7 10. Rh3 g6 11. hxg6 fxg6 12. Ne2 Bg7 13. c3 Qe7 14. Qc2 O-O 15. Bg2 Rac8 16. Nh4 Qf7 17.
Rf3 Qe8 18. Rd1 cxd4 19. exd4 b4 20. Re3 Qf7 21. Nf3 a5 22. Bd6 Rfe8 23. Nh2 Bf8 24.
Ng4 Kh8 25. Bxf8 Rxf8 26. f4 Ba6 27. Rf3 bxc3 28. bxc3 Nb6 29. Nf6 Nc4 30. Rh3 h5 31. Ng3 Ne3 32. Qd2 Nxg2+ 33. Qxg2 Ne7 34. Ngxh5 gxh5 35. Rxh5+ Qxh5 36. Nxh5 Rxc3 37. Rd2 Rc1+ 38. Kf2 Nf5 39. Nf6 Rf1+ 40. Qxf1 Bxf1 41. Kxf1 Rc8 42. Nd7 Rc4 43. Kf2 Nxd4 44. Ne5 Ra4 45. Rb2 Nf5 46.
Rb8+ Kg7 47. Rb7+ Kg8 48. Kf3 Ra3+ 49. Kg4 Rxa2 50. Kh5 Rg2 51. Kg6 Nh4+ 52. Kf6 Rf2 53. Rb8+ Kh7 54. g6+ 1-0